 Dungeon Crawl Stone Soup version 0.27.1-33-g824d729ab1 (webtiles) character file.

Game seed: 18127427128136967146

12268 Garessta the Unseen (level 11, 50/50 HPs)
             Began as a Spriggan Brigand on Dec 12, 2021.
             Was an Initiate of Jiyva.
             Quit the game on level 5 of the Lair of Beasts on Dec 13, 2021.
             The game lasted 01:10:02 (18296 turns).

Garessta the Unseen (Spriggan Brigand)             Turns: 18296, Time: 01:10:03

Health: 50/50      AC: 10    Str:  7    XL:     11   Next: 60%
Magic:  25/25      EV: 19    Int: 15    God:    Jiyva [......]
Gold:   796        SH:  0    Dex: 18    Spells: 15/29 levels left

rFire    . . .     SeeInvis +   u - +3 rapier (holy)
rCold    . . .     Faith    .   (shield restricted)
rNeg     . . .     Spirit   .   e - +2 steam dragon scales
rPois    .         Reflect  .   y - +1 hat
rElec    .         Harm     .   c - +1 cloak
rCorr    .         Rampage  .   (gloves unavailable)
Will     ++...                  (boots unavailable)
Stlth    +++++++...             (no amulet)
HPRegen  0.16/turn              i - ring of willpower
MPRegen  0.19/turn              (no ring)

@: very quick
A: very small, no large weapons, unfitting armour, see invisible, speed 3
a: Renounce Religion


You were on level 5 of the Lair of Beasts.
You worshipped Jiyva.
Jiyva was noncommittal.
You visited 3 branches of the dungeon, and saw 16 of its levels.

You collected 900 gold pieces.
You spent 104 gold pieces at shops.

Inventory:

Hand Weapons
 r - a +2 dagger of venom
 t - a +4 dagger
 u - a +3 rapier of holy wrath (weapon)
Missiles
 a - 5 curare-tipped darts
 q - 6 poisoned darts (quivered)
 v - 11 datura-tipped darts
 w - 3 throwing nets
Armour
 c - a +1 cloak (worn)
 e - +2 steam dragon scales (worn)
 y - a +1 hat (worn)
Jewellery
 i - a ring of willpower (left hand)
Wands
 A - a wand of acid (18)
Scrolls
 f - 7 scrolls of teleportation
 g - 4 scrolls of identify
 k - a scroll of amnesia
Potions
 b - 2 potions of cancellation
 d - a potion of resistance {unknown}
 j - 7 potions of heal wounds
 l - a potion of might
 m - a potion of lignification
 n - 3 potions of curing
 o - 2 potions of brilliance
 p - a potion of attraction
 s - a potion of haste
 z - a potion of flight
Miscellaneous
 h - a condenser vane


   Skills:
 * Level 1.7 Fighting
 + Level 3.8 Short Blades
 - Level 3.6 Throwing
 + Level 3.9 Dodging
 * Level 17.3 Stealth
 + Level 9.6 Spellcasting
 * Level 12.6 Hexes
 - Level 2.2 Transmutations


You had 15 spell levels left.
You knew the following spells:

 Your Spells              Type           Power      Damage    Failure   Level
a - Passwall              Tmut/Erth      8%         N/A       10%         2
b - Dazzling Flash        Conj/Hex       52%        N/A       2%          3
c - Confusing Touch       Hex            45%        N/A       1%          3
d - Invisibility          Hex            22%        N/A       9%          6

Your spell library contained the following spells:

 Spells                   Type           Power      Damage    Failure   Level
 Slow                     Hex            45%        N/A       1%          2
 Portal Projectile        Hex/Tloc       52%        N/A       2%          3
 Beastly Appendage        Tmut           28%        N/A       4%          1
 Sting                    Tmut/Pois      40%        1d5       6%          1
 Wereblood                Tmut           14%        N/A       6%          2
 Fulminant Prism          Conj/Hex       13%        3d9       8%          4
 Yara's Violent Unravell  Hex/Tmut       14%        3d7       13%         5
 Poisonous Vapours        Pois/Air       14%        N/A       16%         2
 Spider Form              Tmut/Pois      5%         N/A       19%         3
 Gell's Gravitas          Tloc           3%         N/A       30%         3
 Swiftness                Air            7%         N/A       30%         3
 Teleport Other           Tloc           7%         N/A       30%         3
 Ice Form                 Ice/Tmut       10%        N/A       54%         4
 Hailstorm                Conj/Ice       7%         3d4       69%         4
 Iskenderun's Mystic Bla  Conj/Tloc      7%         2d4       69%         4
 Olgreb's Toxic Radiance  Pois           7%         N/A       69%         4
 Blade Hands              Tmut           7%         N/A       73%         5
 Excruciating Wounds      Necr           3%         N/A       95%         5
 Lee's Rapid Deconstruct  Erth           3%         3d6*      95%         5
 Dispersal                Tloc           3%         N/A       100%        6
 Simulacrum               Ice/Necr       3%         N/A       100%        6
 Starburst                Conj/Fire      3%         6d3       100%        6
 Chain Lightning          Conj/Air       3%         3d4       100%        9
 Fire Storm               Conj/Fire      3%         8d1       100%        9


Dungeon Overview and Level Annotations

Branches:
Dungeon (9/15)             Temple (1/1) D:6            Lair (6/6) D:8
 Shoals (0/4) Lair:2       Spider (0/4) Lair:3        Slime (0/5) Lair:5
    Orc: D:9-12

Altars:
Ashenzari
Cheibriados
Dithmenos
Elyvilon
Fedhas
Gozag
Hepliaklqana
Kikubaaqudgha
Makhleb
Nemelex Xobeh
Okawaru
Qazlal
Ru
Sif Muna
Uskayaw
Vehumet
Wu Jian
Xom
Zin
The Shining One
Jiyva
Lugonu

Shops:
D:4 [   D:5 ?

Portals:
Abyss: D:3

Annotations:
D:3 2 transporters, lasso's ghost, amateur GnCj
D:4 Dowan; Duvessa
D:8 Erica
Lair:4 exclusion: oklob plant


Innate Abilities, Weirdness & Mutations

You are very small and have problems with some larger weapons.
You are too small for most types of armour.
You have supernaturally acute eyesight. (SInv)
You cover ground extremely quickly. (Speed+++)


Message History

Found a potion of curing.
The goliath frog moves out of view.
Press: ? - help, v - describe, . - travel Some deep water.
Found 21 gold pieces.
Found a viscous amethyst potion.
Found an escape hatch in the ceiling.
You now have 779 gold pieces (gained 21).
Found 17 gold pieces.
d - a viscous amethyst potion You now have 796 gold pieces (gained 17).
You are starting to lose your buoyancy.
Found a book of Annihilations.
You pick up a book of Annihilations and begin reading...
You add the spells Chain Lightning and Fire Storm to your library.
You float gracefully downwards.
A black mamba comes into view.
Found a morningstar.
The helpless black mamba fails to defend itself.
You skewer the black mamba like a kebab!!!!
You kill the black mamba!
Found a staircase to the Slime Pits.
Found a viscous altar of Jiyva.
There is a staircase to the Slime Pits here.
There is a viscous altar of Jiyva here.
You kneel at the altar of Jiyva.
You have lost your religion!
Jiyva welcomes you! Jiyva grants you a jelly!
Save game and exit?
Welcome back, Garessta the Spriggan Brigand.
Slime for the Slime God!
Press ? for a list of commands and other information.
Unknown command.
Press < or > to pray at altars.
Saving game... please wait.
Welcome back, Garessta the Spriggan Brigand.
Slime for the Slime God!
Press ? for a list of commands and other information.
Okay, then.
Are you sure you want to abandon this character and quit the game? (Confirm with "yes".)

##..#### #.......
#...... #####....D
##.P.....# #........#
## ##......#P#..# ..##
####....>@.......
.....
#..........#.....
.....
##.......PJ...... ....
##....#.#......PP.
##P.
##...............#
####.
###........#P....#..P
#....
##......##.#.P...###..
##....
###.....P#........#.
#.. ##.....
#......####.....#.#
#.#.. #......


You could see a neutral jelly (wandering) (fellow slime).

Vanquished Creatures
  Snorg (Lair:3)
  A hydra (Lair:2)
  A boulder beetle (Lair:4)
  2 oklob plants (Lair:4)
  A black mamba (Lair:5)
  An elephant (Lair:3)
  5 komodo dragons
  3 blink frogs
  A rime drake (Lair:4)
  A polar bear (Lair:3)
  5 yaks
  2 wyverns
  Grum (D:8)
  2 basilisks
  4 steam dragons
  A swamp worm (Lair:5)
  4 water moccasins
  A sky beast (D:6)
  2 black bears
  A necrophage (D:4)
  An orc warrior (D:7)
  5 wolves
  An ogre (D:5)
  5 centaurs
  A kobold brigand (D:5)
  12 bullfrogs
  2 scorpions
  A wyvern zombie (D:6)
  A water moccasin skeleton (D:4)
  An electric eel (Lair:2)
  6 wights
  A howler monkey (D:8)
  A hound (D:6)
  4 centaur zombies
  4 centaur skeletons
  An orc priest (D:7)
  A gnoll shaman (D:7)
  Crazy Yiuf (D:3)
  Natasha (D:2)
  An iguana (D:4)
  6 orc wizards
  A killer bee zombie (D:8)
  A hound skeleton (D:5)
  2 howler monkey skeletons
  A howler monkey zombie (D:8)
  3 gnolls (D:7)
  7 adders
  3 adder skeletons (D:4)
  An adder zombie (D:5)
  12 orcs
  6 bats
  6 endoplasms
  2 giant cockroaches
  7 goblins
  6 hobgoblins
  A quokka (D:3)
  3 ball pythons
  A frilled lizard (D:3)
  16 kobolds
  4 rats
180 creatures vanquished.

Vanquished Creatures (collateral kills)
  A blink frog (Lair:1)
  2 yaks (Lair:1)
3 creatures vanquished.

Vanquished Creatures (others)
  A blink frog (Lair:1)
  8 bushes (Lair:4)
  39 fungi
  58 plants
  A withered plant (D:1)
107 creatures vanquished.

Grand Total: 290 creatures vanquished

Notes
Turn   | Place    | Note
-------+----------+-------------------------------------------
     0 | D:1      | Garessta the Spriggan Brigand began the quest for the Orb.
     0 | D:1      | Reached XP level 1. HP: 10/10 MP: 2/2
    55 | D:1      | Reached skill level 6 in Stealth
    64 | D:1      | Found a faded altar of an unknown god.
   484 | D:1      | Reached XP level 2. HP: 13/14 MP: 3/3
   982 | D:1      | Reached skill level 1 in Spellcasting
  1278 | D:2      | Reached skill level 7 in Stealth
  1542 | D:2      | Reached XP level 3. HP: 18/18 MP: 4/6
  1601 | D:2      | Learned a level 2 spell: Passwall
  1737 | D:2      | Noticed Natasha
  1766 | D:2      | Killed Natasha
  1767 | D:2      | Reached skill level 1 in Transmutations
  1767 | D:2      | Reached XP level 4. HP: 19/22 MP: 6/8
  2425 | D:3      | Reached skill level 8 in Stealth
  2581 | D:3      | Found a sacrificial altar of Ru.
  2581 | D:3      | Found a burning altar of Makhleb.
  2581 | D:3      | Found an ornate altar of the Wu Jian Council.
  2581 | D:3      | Found a sparkling altar of Nemelex Xobeh.
  2595 | D:3      | Found a runed translucent door.
  2596 | D:3      | Noticed Crazy Yiuf
  2661 | D:3      | Found a transporter.
  2839 | D:3      | Found a transporter.
  2840 | D:3      | Found a one-way gate to the infinite horrors of the Abyss.
  2840 | D:3      | Noticed lasso's ghost (amateur GnCj)
  2840 | D:3      | Noticed a toenail golem
  3118 | D:3      | Reached XP level 5. HP: 15/25 MP: 9/9
  3372 | D:3      | Noticed a small abomination
  3522 | D:3      | Killed Crazy Yiuf
  3605 | D:4      | Noticed a necrophage
  3639 | D:4      | Noticed Duvessa
  3639 | D:4      | Noticed Dowan
  3706 | D:4      | Learned a level 3 spell: Dazzling Flash
  3834 | D:4      | Noticed a necrophage
  3847 | D:4      | Found a shimmering altar of Xom.
  3870 | D:4      | Reached skill level 1 in Hexes
  4085 | D:4      | Found Ziarutwo's Antique Armour Shoppe.
  4089 | D:4      | Noticed an ogre
  4098 | D:4      | Reached skill level 9 in Stealth
  4098 | D:4      | Reached XP level 6. HP: 21/30 MP: 11/11
  4332 | D:4      | Found a white marble altar of Elyvilon.
  4437 | D:4      | Became a worshipper of Elyvilon the Healer
  5019 | D:5      | Entered Level 5 of the Dungeon
  5047 | D:5      | Found Rieqooj's Magic Scroll Boutique.
  5055 | D:5      | Bought a scroll of identify for 26 gold pieces
  5055 | D:5      | Bought a scroll of identify for 26 gold pieces
  5055 | D:5      | Bought a scroll of identify for 26 gold pieces
  5055 | D:5      | Bought a scroll of identify for 26 gold pieces
  5080 | D:5      | Found a shimmering blue altar of Sif Muna.
  5087 | D:5      | Reached XP level 7. HP: 33/33 MP: 13/13
  5603 | D:5      | Reached * piety under Elyvilon
  5627 | D:5      | Found an opulent altar of Gozag.
  5831 | D:5      | Reached skill level 10 in Stealth
  6278 | D:5      | Found a hazy altar of Hepliaklqana.
  7247 | D:6      | Reached ** piety under Elyvilon
  7258 | D:6      | Found a staircase to the Ecumenical Temple.
  7509 | Temple   | Entered the Ecumenical Temple
  7679 | D:6      | Identified the +0 pair of gloves of Gauttumn {rPois Str+4
                  | Int+2}
  7681 | D:6      | Reached skill level 5 in Hexes
  7681 | D:6      | Reached XP level 8. HP: 37/37 MP: 14/16
  7707 | D:6      | Reached skill level 11 in Stealth
  7730 | D:6      | Reached skill level 5 in Spellcasting
  8282 | D:6      | Found a snail-covered altar of Cheibriados.
  8392 | D:7      | Found an ancient bone altar of Kikubaaqudgha.
  8580 | D:7      | Found a broken altar of Ashenzari.
  8592 | D:7      | Reached skill level 12 in Stealth
  8631 | D:7      | Learned a level 3 spell: Confusing Touch
  8638 | D:7      | Learned a level 6 spell: Invisibility
  9063 | D:7      | Identified a scroll of acquirement
  9069 | D:7      | Acquired a +1 rapier of holy wrath
  9162 | D:7      | Reached *** piety under Elyvilon
  9488 | D:8      | Reached XP level 9. HP: 41/41 MP: 17/19
  9724 | D:8      | Noticed Grum
  9926 | D:8      | Killed Grum
  9927 | D:8      | Reached skill level 13 in Stealth
 10386 | D:8      | Noticed Erica
 10559 | D:8      | Reached **** piety under Elyvilon
 11320 | D:8      | Noticed a komodo dragon
 11365 | D:8      | Killed a komodo dragon
 11366 | D:8      | Reached skill level 14 in Stealth
 12606 | D:8      | Noticed a komodo dragon
 12717 | D:8      | Reached XP level 10. HP: 29/46 MP: 22/22
 12879 | D:8      | Reached skill level 10 in Hexes
 13026 | D:8      | Found a staircase to the Lair.
 13369 | Lair:1   | Entered Level 1 of the Lair of Beasts
 13643 | Lair:1   | Reached skill level 15 in Stealth
 14109 | Lair:1   | Identified the +3 hunting sling "Bingo" {flame, Str-5
                  | Dex+9}
 14563 | Lair:3   | Reached ***** piety under Elyvilon
 14575 | Lair:3   | Noticed a cane toad
 14651 | Lair:2   | Found a staircase to the Shoals.
 14661 | Lair:2   | Noticed an eight-headed hydra
 14678 | Lair:2   | Killed an eight-headed hydra
 14679 | Lair:2   | Reached skill level 16 in Stealth
 15496 | Lair:3   | Noticed a lindwurm
 15619 | Lair:3   | Reached XP level 11. HP: 42/49 MP: 25/25
 15779 | Lair:3   | Noticed Snorg
 15849 | Lair:3   | Killed Snorg
 16024 | Lair:3   | Found a hole to the Spider Nest.
 16885 | Lair:4   | Noticed a boulder beetle
 16888 | Lair:4   | Killed a boulder beetle
 16889 | Lair:4   | Reached skill level 17 in Stealth
 16892 | Lair:4   | Noticed an oklob plant
 16895 | Lair:4   | Noticed an oklob plant
 16899 | Lair:4   | Killed an oklob plant
 16904 | Lair:4   | Killed an oklob plant
 16989 | Lair:4   | Noticed an oklob plant
 16994 | Lair:4   | Noticed a death yak
 17574 | Lair:5   | Noticed a five-headed hydra
 17627 | Lair:5   | Reached ****** piety under Elyvilon
 17631 | Lair:5   | Noticed a five-headed hydra
 18102 | Lair:6   | Entered Level 6 of the Lair of Beasts
 18151 | Lair:5   | Noticed a goliath frog
 18286 | Lair:5   | Found a staircase to the Slime Pits.
 18287 | Lair:5   | Found a viscous altar of Jiyva.
 18295 | Lair:5   | Fell from the grace of Elyvilon
 18295 | Lair:5   | Became a worshipper of Jiyva Jastousc the Shapeless
 18296 | Lair:5   | Quit the game

Illustrated notes

Levels and vault maps discovered:
D:1:      minmay_arrival_arboretum_small, layout_loops_corners,
          shapermc_ecumenical_altar_gd
D:2:      layout_loops_ring, minmay_cupped, uniq_natasha
D:3:      layout_basic, chequers_temple_overflow_statue_of_worship,
          gammafunk_ghost_abyssal_escape, roderic_roman_lattice,
          uniq_crazy_yiuf_cottage
D:4:      layout_loops_corners, mainiacjoe_overflow_alcove_1,
          lemuel_coloured_pillars_altar, marbit_many_paths, serial_shops, shop,
          uniq_duvessa
D:5:      layout_loops_corners, nicolae_gozag_cash_rules_everything_around_me,
          mainiacjoe_overflow_alcove_4, lemuel_doored_altar, serial_shops,
          nicolae_shop_waterfront
D:6:      layout_loops_ring, cheibrodos_worm_habitat,
          minmay_temple_entry_enclosed_plants
D:7:      layout_basic, ashenzari_conservatory_becter, lemuel_crystal_altar
D:8:      layout_layer_cave, erik_lair_dragon, uniq_erica, uniq_grum
D:9:      layout_gridville
Temple:   corrupted_temple
Lair:1:   layout_regular_city
Lair:2:   layout_roguey, elwin_shoals_entry_rocks, gauntlet_entry_generic,
          serial_bayou_lagoon_a, serial_bayou_shore_a
Lair:3:   layout_gridlike, spider_nest_entry_web_field,
          eino_small_chamber_without_monster, serial_bayou_lake_a,
          infiniplex_staircase_pool, uniq_snorg
Lair:4:   layout_misc_corridors, minmay_lair_oklob_bushes,
          minmay_stone_trees_small, ldierk_geyser, dpeg_oklob_1
Lair:5:   onia_ninara_swampy_vault, layout_concentric_octagons, slime_altar_1
Lair:6:   minmay_lair_end_enchanted_forest, layout_small_grid,
          minmay_lair_oklob_chamber

Skill      XL: |  1  2  3  4  5  6  7  8  9 10 11 |
---------------+----------------------------------+-----
Stealth        | 6 7 8 9 10 12 14 16 17 | 17.3
Spellcasting   | 1 2 3 4 6 7 9 |  9.6
Transmutations | 1 2 |  2.2
Hexes          | 1 3 5 7 9 11 12 | 12.6
Throwing       | 3 |  3.6
Dodging        | 3 |  3.9
Short Blades   | 3 |  3.8
Fighting       | |  1.7

Action                   |  1- 3 |  4- 6 |  7- 9 | 10-12 || total
-------------------------+-------+-------+-------+-------++-------
Melee: Dagger            |    45 |   120 |   205 |   130 ||   500
       Rapier            |       |       |    42 |    27 ||    69
Throw: Dart              |    22 |    32 |    72 |    61 ||   187
       Throwing net      |       |       |     1 |       ||     1
 Cast: Dazzling Flash    |       |       |     1 |    13 ||    14
       Confusing Touch   |       |       |       |     3 ||     3
Invok: Purification      |       |       |     5 |       ||     5
Evoke: Wand              |       |    28 |       |     6 ||    34
  Use: Potion            |       |     1 |       |     1 ||     2
       Scroll            |       |    10 |    12 |     6 ||    28
 Stab: Sleeping          |    10 |    15 |    23 |    20 ||    68
       Distracted        |       |     1 |     6 |     1 ||     8
       Invisible         |       |       |       |     5 ||     5
       Confused          |       |       |       |     3 ||     3
Armor: Robe              |     4 |    20 |    21 |       ||    45
       Steam dragon scal |       |       |    54 |    26 ||    80
Dodge: Dodged            |    26 |    91 |   189 |   101 ||   407
